 Dungeon Crawl Stone Soup version 0.31-a0-1074-g0b22e4e0f1 (webtiles) character file.

Game seed: 2169142720171515784

1701 lunkers the Grappler (level 9, -3/66 HPs)
             Began as a Meteoran Shapeshifter on Nov 29, 2023.
             Was a Follower of Ashenzari.
             Slain by a hornet (11 damage)
             ... while paralysed by a hornet
             ... on level 7 of the Dungeon.
             The game lasted 00:08:19 (2984 turns).

lunkers the Grappler (Meteoran Shapeshifter)        Turns: 2984, Time: 00:08:19

Health: -3/66      AC:  6    Str: 18    XL:     9   Next: 47%
Magic:  10/10      EV:  2    Int: 11    God:    Ashenzari [*.....]
Gold:   335        SH:  0    Dex: 17    Spells: 8/8 levels left

rFire   . .          .
                       - Unarmed
rCold   . . .        (no shield)
rNeg    . . .        l - +0 scale mail of Toth-Mos's Legacy {Range, Elem} (curse)
rPois   .            (helmet currently unavailable)
rElec   .            (cloak currently unavailable)
rCorr   .            (gloves currently unavailable)
SInv    .            (boots currently unavailable)
Will    +....        o - amulet of the Revealing Prison {RegenMP, Self, Elem} (curse) Stlth
                     (no ring)
HPRegen 0.31/turn    (no ring)
MPRegen 0.52/turn

%: no passive effects
@: paralysed, lethally poisoned (-3 -> -10), beast-form, slowed, glowing
A: beast (slay +4), sense surroundings 2, otherworldly, glowing, explore regen
a: Begin Untransformation, Renounce Religion, Shatter the Chains


You were on level 7 of the Dungeon.
You worshipped Ashenzari.
Ashenzari was aware of your devotion.
You were a hulking beast.
You visited 1 branch of the dungeon, and saw 7 of its levels.

You collected 335 gold pieces.

Inventory:

Hand Weapons
 s - a +3 dire flail of venom
Missiles
 v - 2 throwing nets
Armour
 a - a +0 chain mail of fire resistance
 l - the cursed +0 scale mail of Toth-Mos's Legacy (worn) {Range, Elem}
   (You found it on level 2 of the Dungeon)

   It has a curse which improves the following skills: Ranged Combat: Ranged
   Weapons and Throwing.
   Elements:  Fire Magic, Ice Magic, Air Magic and Earth Magic.
 m - a +0 cloak
 p - a +2 robe of fire resistance
 t - a +0 helmet
Jewellery
 o - the cursed amulet of the Revealing Prison (around neck) {RegenMP, Self, Elem}
   (You found it on level 6 of the Dungeon)

   [amulet of magic regeneration]

   RegenMP:   It increases your rate of magic regeneration.
   It has a curse which improves the following skills: Introspection: Fighting
   and Spellcasting.
   Elements:  Fire Magic, Ice Magic, Air Magic and Earth Magic.
Talismans
 b - a granite talisman
 c - a beast talisman
 d - a flux talisman
Wands
 q - a wand of digging (3)
Scrolls
 f - 2 scrolls of amnesia
 j - 3 scrolls of torment
 r - 2 scrolls of identify
 u - a scroll of vulnerability
Potions
 e - a potion of ambrosia
 g - 4 potions of haste
 h - 3 potions of attraction
 i - a potion of cancellation
 k - 3 potions of curing
 n - a potion of might


   Skills:
 - Level 1.1(1.6) Fighting
 - Level 2.1 Dodging
 * Level 11.4 Unarmed Combat
 + Level 8.0 Shapeshifting


You had 8 spell levels left.
You didn't know any spells.
Your spell library contained the following spells:

 Spells                   Type           Power      Damage    Failure   Level
 Apportation              Tloc           0%         N/A       77%         1
 Necrotise                Necr           0%         1d4       77%         1
 Summon Small Mammal      Summ           0%         N/A       77%         1
 Jinxbite                 Hex            0%         N/A       88%         2
 Lesser Beckoning         Tloc           0%         N/A       88%         2
 Frozen Ramparts          Ice            0%         1d1       98%         3
 Gell's Gravitas          Tloc           0%         N/A       98%         3
 Summon Guardian Golem    Hex/Summ       0%         N/A       98%         3
 Teleport Other           Tloc           0%         N/A       98%         3
 Summon Ice Beast         Ice/Summ       0%         N/A       100%        4
 Alistair's Intoxication  Tmut/Pois      0%         N/A       100%        5
 Orb of Destruction       Conj           0%         9d5       100%        7
 Spellforged Servitor     Conj/Summ      0%         N/A       100%        7


Dungeon Overview and Level Annotations

Branches:
Dungeon (7/15) Zot: 1251
 Temple: D:4-7

Altars:
Ashenzari

Shops:
D:4 (


Innate Abilities, Weirdness & Mutations

You are a hulking beast.
Your limbs bulge with bestial killing power. (Slay +4)
You passively map the area around you.
You are easily found by Zot.
You glow in the dark.
You regain HP and MP as you explore.


Message History

You feel very sick.
Your Shapeshifting skill increases to level 8!
No target in view!
No target in view!
No target in view!
No target in view!
No target in view!
No target in view!
You feel very sick.
You feel very sick.
You feel sick.
You feel sick.
You feel sick.
A hornet comes into view.
You feel sick.
The hornet buzzes angrily.
You are too injured to fight recklessly!
You are too injured to fight recklessly!
A hornet is nearby!
You are too injured to fight recklessly!
Unknown command.
You feel sick.
You feel sick.
You feel sick.
Okay, then.
You feel sick.
You are no longer poisoned.
You closely miss the hornet. The hornet stings you.
* * * LOW HITPOINT WARNING * * *
You suddenly lose the ability to move!
The hornet stings you!
* * * LOW HITPOINT WARNING * * *
You are poisoned.
You shrug off the repeated paralysis!
The hornet stings you!
* * * LOW HITPOINT WARNING * * *
You feel yourself slow down.
* * * LOW HITPOINT WARNING * * *
You feel very sick. The hornet stings you!
You die...

###....### *
* #........#
, #......#<#,
#.####.###.#
,
#........#.#
, ,
######.#.#.#
* #.#...# ,
#######.###.#
,
#..yh.......#
,
##.####.###.#
#... ,#.# #.#
, ##... #†#
#.# ,,
#....#.# #.#
*, #....#.#
#.# , ,
#....#.# #.#
#....#.# #.#
,, , #.# , ,


You could see a hornet.

Vanquished Creatures
  Sigmund (D:4)
  Edmund (D:6)
  4 water moccasins
  A black bear (D:6)
  An orc warrior (D:5)
  A centaur (D:6)
  A phantom (D:6)
  2 kobold brigands (D:5)
  2 howler monkeys
  3 jellies
  4 orc priests
  2 iguanas
  An orc wizard (D:6)
  Robin (D:3)
  5 adders
  3 worms
  A dart slug (D:1)
  12 orcs
  12 endoplasms
  5 giant cockroaches
  14 goblins
  13 hobgoblins
  7 jackals
  A quokka (D:1)
  4 ball pythons
  A bat (D:1)
  3 frilled lizards (D:3)
  13 kobolds
  5 rats
124 creatures vanquished.

Notes
Turn   | Place    | Note
-------+----------+-------------------------------------------
     0 | D:1      | lunkers the Meteoran Shapeshifter began the quest for the
                  | Orb.
     0 | D:1      | Reached XP level 1. HP: 16/16 MP: 2/2
    30 | D:1      | Found a faded altar of an unknown god.
    53 | D:1      | Got the Handbook of Hypothermia
    63 | D:1      | Prayed at the altar of an unknown god.
    63 | D:1      | Became a worshipper of Ashenzari the Shackled
    79 | D:1      | Reached XP level 2. HP: 23/23 MP: 3/3
    82 | D:1      | Reached skill level 4 in Unarmed Combat
   165 | D:1      | Reached XP level 3. HP: 28/28 MP: 4/4
   381 | D:2      | Reached XP level 4. HP: 30/35 MP: 5/5
   407 | D:2      | Reached skill level 5 in Unarmed Combat
   787 | D:3      | Reached XP level 5. HP: 39/40 MP: 6/6
   964 | D:3      | Noticed Robin
  1001 | D:3      | HP: 2/40 [Robin/+0 spear (2)]
  1006 | D:3      | HP: 2/40 [Robin/+0 spear (1)]
  1008 | D:3      | Killed Robin
  1086 | D:3      | Reached skill level 6 in Unarmed Combat
  1262 | D:4      | Reached XP level 6. HP: 47/47 MP: 7/7
  1280 | D:4      | Noticed Sigmund
  1287 | D:4      | Killed Sigmund
  1288 | D:4      | Reached skill level 7 in Unarmed Combat
  1288 | D:4      | Reached skill level 5 in Shapeshifting
  1288 | D:4      | Reached XP level 7. HP: 43/52 MP: 8/8
  1366 | D:4      | Found Peilaby's Weapon Boutique.
  1723 | D:5      | Entered Level 5 of the Dungeon
  1789 | D:5      | Reached skill level 8 in Unarmed Combat
  1822 | D:5      | Identified the cursed +0 scale mail of Toth-Mos's Legacy
                  | {Range, Elem} (You found it on level 2 of the Dungeon)
  1897 | D:5      | Reached XP level 8. HP: 28/59 MP: 9/9
  1975 | D:5      | Reached skill level 9 in Unarmed Combat
  2373 | D:6      | Noticed Edmund
  2381 | D:6      | Killed Edmund
  2449 | D:5      | Reached skill level 10 in Unarmed Combat
  2575 | D:6      | Gained mutation: You passively map the area around you.
                  | [Meteoran growth]
  2575 | D:6      | Reached XP level 9. HP: 49/64 MP: 10/10
  2785 | D:6      | Reached * piety under Ashenzari
  2824 | D:6      | Reached skill level 11 in Unarmed Combat
  2977 | D:7      | Noticed a hornet
  2982 | D:7      | Paralysed by a hornet for 2 turns
  2984 | D:7      | Slain by a hornet

Illustrated notes

Levels and vault maps discovered:
D:1:      reono_arrival_forest_river, layout_rooms,
          ebering_ecumenical_altar_petrified, serial_rivers,
          chequers_serial_rivers_micro_d, chequers_serial_rivers_small_b,
          chequers_serial_rivers_micro_c, chequers_serial_rivers_micro_e
D:2:      layout_rooms, grunt_ministairs_7
D:3:      layout_basic, trog_book, minmay_misc_feat_iff, uniq_robin
D:4:      layout_loops_cross, serial_shops, nicolae_shop_bloodbath_and_beyond,
          uniq_sigmund
D:5:      cheibrodos_thug_alley, layout_cave_pods
D:6:      layout_basic, uniq_edmund
D:7:      layout_basic, minmay_temple_entry_large_hall, serial_shops,
          kennysheep_mini, ebering_ghost_reflecting_pool

Skill      XL: |  1  2  3  4  5  6  7  8  9 |
---------------+----------------------------+-----
Unarmed Combat | 4 5 6 7 8 10 11 | 11.4
Shapeshifting  | 4 5 6 7 8 |  8.0
Fighting       | |  1.1
Dodging        | |  2.1

Action                     |  1- 3 |  4- 6 |  7- 9 || total
---------------------------+-------+-------+-------++-------
  Melee: Unarmed           |    73 |   118 |   158 ||   349
         Punch             |     1 |     1 |     6 ||     8
 Invoke: Curse Item        |     1 |     1 |     1 ||     3
         Shatter the Chain |       |     1 |       ||     1
    Use: Scroll            |       |     8 |     2 ||    10
         Potion            |       |       |     3 ||     3
 Armour: Animal skin       |    15 |     2 |       ||    17
         Scale mail        |       |    79 |   103 ||   182
         Skin              |       |       |    20 ||    20
  Dodge: Dodged            |    46 |    54 |    68 ||   168

Table legend: (Time is in decaauts)
 A = Elapsed time spent in this place.
 B = Non-inter-level travel time spent in this place.
 C = Inter-level travel time spent in this place.
 D = Time resting spent in this place.
 E = Time spent auto-exploring this place.
 F = Levels seen in this place.
 G = Mean time per level.
                   A        B        C        D        E       F      G
               +--------+--------+--------+--------+--------+-----+--------+
         Total |   2947 |   2900 |     47 |     54 |   1912 |   7 |  421.0 |
       Dungeon |   2947 |   2900 |     47 |     54 |   1912 |   7 |  421.0 |
               +--------+--------+--------+--------+--------+-----+--------+

Top non-repeatable levels by time:
     D:5: 752 daAuts
     D:4: 500 daAuts
     D:6: 455 daAuts
     D:3: 440 daAuts
     D:2: 422 daAuts
     D:1: 342 daAuts
     D:7: 34 daAuts
